 Dungeon Crawl Stone Soup version 0.27-a0-70-g58928b186a (webtiles) character file.

Game seed: 11018289707275515109

110684 Morbidden the Blocker (level 16, 0/84 HPs)
             Began as a Vine Stalker Fire Elementalist on Jan 9, 2021.
             Was an Initiate of Gozag.
             Succumbed to a wolf spider's poison
             ... on level 1 of the Spider Nest on Jan 10, 2021.
             The game lasted 01:04:22 (30560 turns).

Morbidden the Blocker (VSFE)                       Turns: 30560, Time: 01:04:23

Health: 0/84       AC: 19    Str: 10    XL:     16   Next: 55%
Magic:  2/41       EV: 19    Int: 23    God:    Gozag
Gold:   1029       SH:  0    Dex: 18    Spells: 27/37 levels left

rFire    + . .     SeeInvis .   a - +6 dagger (elec)
rCold    + . .     Faith    .   R - +0 kite shield
rNeg     + . .     Spirit   +   H - +4 steam dragon scales
rPois    +         Reflect  +   K - -2 hat of the Alchemist {rElec rPois rF+ rC+ rN+ Will+ rMut rCorr}
rElec    +         Harm     .   S - +2 cloak {rCorr}
rCorr    +         Rampage  .   m - +1 pair of gloves
rMut     +                      I - +1 pair of boots of Quantum Leap {rPois Int+3}
Will     +++..                  A - amulet of reflection
Stlth    ++........             D - +4 ring of protection
HPRegen  1.04/turn              F - ring of magical power
MPRegen  0.27/turn

@: confused, lethally poisoned (0 -> -11)
A: fangs 3, regeneration 2, magic shield, antimagic bite, no potion heal 3
a: Renounce Religion, Potion Petition, Call Merchant, Bribe Branch


You were on level 1 of the Spider Nest.
You worshipped Gozag.
Gozag was most pleased with you.
You visited 5 branches of the dungeon, and saw 25 of its levels.
You also visited: Volcano.

You collected 9824 gold pieces.
You spent 1104 gold pieces at shops.
You paid 7691 gold pieces to Gozag.

Inventory:

Hand Weapons
 a - a +6 dagger of electrocution (weapon)
 b - a +3 scimitar of flaming
 l - a +4 scimitar of flaming
Missiles
 j - 5 datura-tipped darts
 q - 6 javelins
 v - 176 sling bullets
 y - 68 poisoned darts (quivered)
 W - a throwing net
Armour
 m - a +1 pair of gloves (worn)
 H - +4 steam dragon scales (worn)
 I - the +1 pair of boots of Quantum Leap (worn) {rPois Int+3}
   (You bought it in a shop on level 9 of the Dungeon)

   It affects your intelligence (+3).
   It protects you from poison.
 K - the -2 hat of the Alchemist (worn) {rElec rPois rF+ rC+ rN+ Will+ rMut rCorr}
   (You bought it in a shop on level 1 of the Lair of Beasts)

   It protects you from fire.
   It protects you from cold.
   It insulates you from electricity.
   It protects you from poison.
   It protects you from negative energy.
   It affects your willpower, your defense against some magical effects.
   It provides partial protection from all sources of acid and corrosion.
   It protects you from mutation.
 R - a +0 kite shield (worn)
 S - a +2 cloak of preservation (worn)
Jewellery
 A - an amulet of reflection (around neck)
 D - a +4 ring of protection (left hand)
 F - a ring of magical power (right hand)
 Q - an uncursed ring of see invisible
Wands
 d - a wand of iceblast (7)
 t - a wand of flame (78)
 z - a wand of random effects (64)
 J - a wand of digging (4)
 P - a wand of polymorph (27)
 U - a wand of enslavement (11)
Scrolls
 e - 4 scrolls of magic mapping
 f - 13 scrolls of teleportation
 n - a scroll of silence {unknown}
 p - 12 scrolls of remove curse
 u - a scroll of summoning {unknown}
 x - 8 scrolls of fog
 B - 2 scrolls of brand weapon {unknown}
 C - 7 scrolls of identify
 G - 4 scrolls of immolation
 L - 3 scrolls of amnesia {unknown}
 T - 3 scrolls of noise {unknown}
Potions
 c - 2 potions of magic
 h - 7 potions of curing
 i - 2 potions of resistance {unknown}
 k - 4 potions of brilliance {unknown}
 o - 4 potions of berserk rage {unknown}
 r - 5 potions of lignification
 s - 5 potions of might {unknown}
 w - 2 potions of attraction
 E - 2 potions of haste
 M - 2 potions of cancellation {unknown}
 O - a potion of heal wounds {unknown}
 V - 10 potions of ambrosia
 X - a potion of invisibility {unknown}
Miscellaneous
 Z - a tin of tremorstones (1/2)


   Skills:
 * Level 9.3 Fighting
 * Level 8.8 Short Blades
 + Level 1.4 Throwing
 + Level 3.6 Armour
 * Level 10.3 Dodging
 + Level 9.1 Stealth
 * Level 11.1 Shields
 * Level 11.0 Spellcasting
 * Level 10.8 Conjurations
 * Level 10.8 Fire Magic
 + Level 0.3 Evocations


You had 27 spell levels left.
You knew the following spells:

 Your Spells              Type           Power        Failure   Level
a - Fireball              Conj/Fire      29%          2%          5
b - Sticky Flame          Conj/Fire      58%          1%          4
c - Foxfire               Conj/Fire      100%         1%          1

Your spell library contained the following spells:

 Spells                   Type           Power        Failure   Level
 Conjure Flame            Conj/Fire      58%          1%          3
 Inner Flame              Hex/Fire       37%          2%          3
 Static Discharge         Conj/Air       37%          2%          3
 Ignite Poison            Fire/Tmut/Pois 29%          5%          3
 Animate Skeleton         Necr           24%          9%          1
 Apportation              Tloc           24%          9%          1
 Beastly Appendage        Tmut           24%          9%          1
 Corona                   Hex            13%          9%          1
 Pain                     Necr           48%          9%          1
 Summon Small Mammal      Summ           48%          9%          1
 Hailstorm                Conj/Ice       37%          9%          4
 Call Imp                 Summ           12%          12%         2
 Corpse Rot               Necr/Air       N/A          12%         2
 Ensorcelled Hibernation  Hex/Ice        24%          12%         2
 Slow                     Hex            12%          12%         2
 Wereblood                Tmut           12%          12%         2
 Starburst                Conj/Fire      29%          14%         6
 Call Canine Familiar     Summ           12%          24%         3
 Confusing Touch          Hex            12%          24%         3
 Gell's Gravitas          Tloc           6%           24%         3
 Portal Projectile        Hex/Tloc       24%          24%         3
 Spider Form              Tmut/Pois      6%           24%         3
 Summon Guardian Golem    Hex/Summ       12%          24%         3
 Vampiric Draining        Necr           6%           24%         3
 Lightning Bolt           Conj/Air       18%          26%         5
 Animate Dead             Necr           6%           63%         4
 Cause Fear               Hex            6%           63%         4
 Ice Form                 Ice/Tmut       12%          63%         4
 Leda's Liquefaction      Hex/Erth       6%           63%         4
 Petrify                  Tmut/Erth      12%          63%         4
 Summon Ice Beast         Ice/Summ       12%          63%         4
 Summon Lightning Spire   Summ/Air       12%          63%         4
 Agony                    Necr           12%          92%         5
 Blade Hands              Tmut           6%           92%         5
 Metabolic Englaciation   Hex/Ice        6%           92%         5
 Yara's Violent Unravell  Hex/Tmut       6%           92%         5
 Freezing Cloud           Conj/Ice/Air   14%          96%         6
 Ignition                 Fire           29%          99%         8
 Ozocubu's Refrigeration  Ice            6%           100%        6
 Simulacrum               Ice/Necr       6%           100%        6
 Shatter                  Erth           6%           100%        9
 Tornado                  Air            6%           100%        9


Dungeon Overview and Level Annotations

Branches:
Dungeon (15/15)            Temple (1/1) D:4            Lair (6/6) D:9
 Shoals (0/4) Lair:2       Spider (1/4) Lair:3        Slime (0/5) Lair:6
    Orc (2/2) D:10            Elf (0/3) Orc:2        Vaults (0/5) D:14
 Depths (0/5) D:15        Volcano (visited)

Altars:
Ashenzari
Cheibriados
Dithmenos
Fedhas
Gozag
Hepliaklqana
Nemelex Xobeh
Okawaru
Qazlal
Ru
Sif Muna
Wu Jian
Xom
Yredelemnul
Zin
The Shining One
Beogh

Shops:
D:6 !****   D:8 *   D:9 [?::   D:10 ?   D:12 }   Orc:1 [(   Orc:2 ([(}
Lair:1 [=[[[[(

Annotations:
D:9 1 runed translucent door
Spider:1 Louise, Rupert


Innate Abilities, Weirdness & Mutations

You have razor-sharp teeth.
You heal very quickly.
When hurt, damage is shared between your health and your magic reserves.
Your bite disrupts and absorbs the magic of your enemies.
Potions cannot restore your health.


Message History

The wolf spider hits you but does no damage.
You block the wolf spider's attack. The tarantella bites you!
* * * LOW HITPOINT WARNING * * *
You are confused.
The wolf spider hisses angrily.
Unknown command.
Unknown command.
You feel sick.
The wolf spider burns!
The tarantella misses you. The wolf spider misses you.
The wolf spider bites you.
* * * LOW HITPOINT WARNING * * *
You are lethally poisoned!
The wolf spider poisons you!
Unknown command.
Unknown command.
Unknown command.
Unknown command.
You bump into the rock wall.
Your surroundings suddenly seem different.
You die...
Your body crumbles into a pile of gold.

.# ......##.$(.s# ##
#.#..###....#$# .##
^#.........$.# ..#
.#..........# ..#
.....#....## .. .##
..ss.#...###.#. .
..# ..#..#..##....#.
.##
##...#..#..#....#..
##
#.@....ยง#^.#.##....
#..
####....##...#...#.
... #............##.
#.. ##....sss.....#.
### ##.#...##...$..
# ###...# #.#. #####
###s. #..s. #....


You could see a wolf spider (burning) and a jumping spider.

Vanquished Creatures
  An orc warlord (Orc:2)
  A stone giant (Orc:2)
  Nessos (Lair:6)
  Josephine (D:15)
  8 vault guards (D:14)
  7 hydras
  An ice dragon (Lair:6)
  3 boulder beetles
  A catoblepas (Lair:2)
  5 centaur warriors
  2 two-headed ogres
  9 death yaks
  2 tengu warriors (D:15)
  An orc high priest (Orc:2)
  Urug (Lair:4)
  5 skeletal warriors (D:11)
  4 unseen horrors
  3 wizards (D:15)
  3 orc knights
  A necromancer (D:15)
  2 lindwurms (Lair:6)
  An orb spider (Spider:1)
  A deep elf mage (D:13)
  3 orc sorcerers
  8 manticores
  6 cyclopes
  8 wolf spiders
  An ugly thing (D:13)
  19 elephants
  Joseph (D:7)
  Maurice (D:13)
  5 black mambas
  An eye of devastation (Lair:6)
  A gargoyle (Volcano)
  6 torpor snails
  2 efreet
  Maggie (D:7)
  9 cane toads
  2 naga magi (D:15)
  2 rime drakes
  4 komodo dragons
  2 kobold demonologists
  2 demonic crawlers (Spider:1)
  A wind drake (Lair:2)
  3 polar bears
  6 trolls
  2 meliai (D:14)
  15 jumping spiders
  9 hornets
  A polar bear (shapeshifter) (D:13)
  A harpy zombie (D:11)
  25 blink frogs
  2 tyrant leeches (Lair:6)
  11 dream sheep (Lair:6)
  A meliai zombie (D:12)
  11 redbacks
  A wyvern (D:9)
  4 tarantellas (Spider:1)
  4 wraiths
  32 yaks
  2 fire elementals (Volcano)
  3 fire bats (Lair:6)
  2 steam dragons
  2 chaos spawn (D:10)
  Menkaure (D:7)
  Grum (D:8)
  5 vampire mosquitoes
  5 basilisks
  3 wargs
  2 soldier ants
  16 water moccasins
  A sky beast (D:6)
  34 orc warriors
  3 ice beasts
  A black bear (shapeshifter) (D:13)
  2 hornet zombies
  A black bear (D:9)
  3 eyes of draining
  A necrophage (D:13)
  9 ogres
  2 phantoms
  10 centaurs
  9 wolves
  A big kobold (D:10)
  5 gnoll sergeants
  12 bullfrogs
  A wyvern zombie (D:12)
  A wyvern skeleton (D:13)
  2 water moccasin skeletons
  5 scorpions
  32 killer bees
  15 wights
  A howler monkey (D:8)
  2 electric eels
  5 centaur zombies
  4 bullfrog zombies
  5 jellies
  A quasit (D:14)
  3 bullfrog skeletons
  6 hounds
  19 orc priests
  5 centaur skeletons
  23 orc wizards
  Natasha (thrice) (D:3)
  11 worker ants
  4 hell rats (Lair:4)
  A hound zombie (D:6)
  A worker ant zombie (D:6)
  Robin (D:3)
  12 gnolls
  A howler monkey skeleton (D:4)
  11 adders
  2 shadow imps
  3 white imps
  3 ufetubi
  An ooze (D:1)
  2 adder skeletons
  4 dart slugs
  10 leopard geckos
  98 orcs
  7 bats
  4 giant cockroaches
  2 gnoll zombies (D:7)
  14 goblins
  9 hobgoblins
  22 jackals
  5 kobolds
  5 quokkas
  2 ball pythons (D:1)
  8 frilled lizards
  A kobold skeleton (D:9)
  A leopard gecko zombie (D:6)
  9 rats
800 creatures vanquished.

Vanquished Creatures (collateral kills)
  A troll (D:10)
  A bullfrog (D:6)
  A big kobold (D:10)
  A gnoll sergeant (D:10)
  2 orcs
  21 foxfires
27 creatures vanquished.

Vanquished Creatures (others)
  A queen bee (D:14)
  2 gnoll sergeants (D:10)
  An orc priest (D:6)
  2 killer bees (D:14)
  701 foxfires
  41 fungi
  102 plants
850 creatures vanquished.

Grand Total: 1677 creatures vanquished

Notes
Turn   | Place    | Note
-------+----------+-------------------------------------------
     0 | D:1      | Morbidden the Vine Stalker Fire Elementalist began the
                  | quest for the Orb.
     0 | D:1      | Reached XP level 1. HP: 9/9 MP: 4/4
   204 | D:1      | Reached XP level 2. HP: 14/14 MP: 0/6
   495 | D:1      | Reached skill level 1 in Fighting
   603 | D:1      | Reached XP level 3. HP: 18/18 MP: 4/7
  1561 | D:2      | Found a hazy altar of Hepliaklqana.
  1620 | D:2      | Found a stormy altar of Qazlal.
  1705 | D:2      | Gained mutation: Your natural rate of healing is unusually
                  | fast. [Vine Stalker growth]
  1705 | D:2      | Reached XP level 4. HP: 16/22 MP: 5/9
  1862 | D:2      | Found a shimmering altar of Xom.
  1914 | D:2      | Found a sparkling altar of Nemelex Xobeh.
  2402 | D:3      | Noticed Robin
  2417 | D:3      | Killed Robin
  2700 | D:3      | Noticed Natasha
  2706 | D:3      | Killed Natasha
  2707 | D:3      | Reached XP level 5. HP: 25/25 MP: 6/10
  2708 | D:3      | Noticed Natasha
  2718 | D:3      | Killed Natasha
  3034 | D:3      | Noticed Natasha
  3038 | D:3      | Killed Natasha
  3492 | D:4      | Noticed an ogre
  3495 | D:4      | Killed an ogre
  3496 | D:4      | Reached skill level 1 in Short Blades
  3496 | D:4      | Reached XP level 6. HP: 19/30 MP: 7/12
  3597 | D:4      | Reached skill level 1 in Armour
  3598 | D:4      | Found a glowing silver altar of Zin.
  3736 | D:4      | Found a staircase to the Ecumenical Temple.
  3799 | Temple   | Entered the Ecumenical Temple
  3896 | Temple   | Became a worshipper of Gozag Ym Sagoz the Greedy
  3958 | D:4      | Found an ornate altar of the Wu Jian Council.
  4071 | D:4      | Got a crude whip
  4072 | D:4      | Identified the cursed +0 whip "Qobliy" {speed, rN+ Int+3
                  | Dex+4} (You found it on level 4 of the Dungeon)
  4116 | D:4      | Identified the Disquisition on the Twisted Glacier
  4185 | D:4      | Reached XP level 7. HP: 35/35 MP: 13/13
  4330 | D:5      | Entered Level 5 of the Dungeon
  5003 | D:5      | Gained mutation: You have razor-sharp teeth. [Vine Stalker
                  | growth]
  5003 | D:5      | Reached XP level 8. HP: 39/39 MP: 12/15
  5714 | D:6      | Found Teucen's Assorted Antiques.
  5748 | D:6      | Found Taecal's Assorted Antiques.
  5754 | D:6      | Found Nohysiez's Assorted Antiques.
  5870 | D:6      | Found a shadowy altar of Dithmenos.
  5887 | D:6      | Reached skill level 1 in Shields
  5899 | D:6      | Found Byijec's Assorted Antiques.
  6011 | D:6      | Found Ownyumui's Distillery.
  6292 | D:6      | Bought a large onyx ring for 125 gold pieces
  6372 | D:7      | Noticed Menkaure
  6377 | D:7      | Noticed a boulder beetle
  6381 | D:7      | Killed Menkaure
  6382 | D:7      | Reached skill level 5 in Fire Magic
  6440 | D:6      | Learned a level 4 spell: Sticky Flame
  6488 | D:7      | Noticed Joseph
  6506 | D:7      | Killed Joseph
  6507 | D:7      | Reached skill level 5 in Spellcasting
  6507 | D:7      | Reached XP level 9. HP: 44/44 MP: 17/17
  7042 | D:7      | Noticed Maggie
  7057 | D:7      | Killed Maggie
  7058 | D:7      | Reached skill level 5 in Stealth
  7129 | D:7      | Found a basalt altar of Yredelemnul.
  7233 | D:8      | Found a glowing golden altar of the Shining One.
  7440 | D:8      | Noticed Grum
  7452 | D:8      | Killed Grum
  7608 | D:8      | Found Uqel's Assorted Antiques.
  7620 | D:8      | Reached XP level 10. HP: 44/50 MP: 19/19
  7690 | D:8      | Reached skill level 5 in Conjurations
  8496 | D:9      | Found Vack's Book Boutique.
  8497 | D:9      | Found Ryuwu's Book Emporium.
  8795 | D:9      | Noticed a two-headed ogre
  8811 | D:9      | Killed a two-headed ogre
  8812 | D:9      | Reached skill level 5 in Dodging
  9073 | D:9      | Found a staircase to the Lair.
  9074 | D:9      | Noticed an elephant
  9094 | D:9      | Killed an elephant
  9290 | D:9      | Found a runed translucent door.
  9296 | D:9      | Found a basalt altar of Yredelemnul.
  9395 | D:9      | Found Dakel's Antique Armour Shop.
  9402 | D:9      | Bought a pair of warped boots for 228 gold pieces
  9412 | D:9      | Identified the +1 pair of boots of Quantum Leap {rPois
                  | Int+3} (You bought it in a shop on level 9 of the Dungeon)
  9493 | D:9      | Found Dafumpau's Magic Scroll Emporium.
  9745 | Lair:1   | Entered Level 1 of the Lair of Beasts
  9748 | Lair:1   | Bought the -2 hat of the Alchemist {rElec rPois rF+ rC+ rN+
                  | Will+ rMut rCorr} for 519 gold pieces
  9748 | Lair:1   | Found the -2 hat of the Alchemist {rElec rPois rF+ rC+ rN+
                  | Will+ rMut rCorr}
  9904 | Lair:1   | HP: 1/51 [komodo dragon (15)]
 10156 | Lair:1   | Noticed a cane toad
 10168 | Lair:1   | Killed a cane toad
 10321 | Lair:1   | Noticed a five-headed hydra
 10344 | Lair:1   | Killed a five-headed hydra
 10345 | Lair:1   | Reached skill level 5 in Fighting
 10345 | Lair:1   | Reached XP level 11. HP: 52/55 MP: 15/22
 10938 | D:10     | Entered Level 10 of the Dungeon
 11010 | D:10     | Found a staircase to the Orcish Mines.
 11067 | D:10     | Reached skill level 1 in Throwing
 11294 | D:10     | Identified the +1 ring mail of Bisuh {+Fly rC+ Str+3
                  | Stlth-} (You found it on level 10 of the Dungeon)
 11622 | D:10     | Killed an unseen horror
 11809 | D:10     | Found a shimmering altar of Xom.
 11810 | D:10     | Found the +7 mace of Variability {chain chaos}
 12120 | D:10     | Found Cebyssaq's Magic Scroll Shoppe.
 12200 | D:10     | Bought a scroll of teleportation for 45 gold pieces
 12706 | D:11     | Noticed a sun demon
 12707 | D:11     | Noticed a soul eater
 12813 | D:11     | Noticed a cyclops
 12830 | D:11     | Killed a cyclops
 12930 | D:11     | Noticed a cyclops
 12930 | D:11     | Noticed a manticore
 12942 | D:11     | Killed a cyclops
 12943 | D:11     | Gained mutation: You heal very quickly. [Vine Stalker
                  | growth]
 12943 | D:11     | Reached XP level 12. HP: 61/61 MP: 24/24
 13126 | D:11     | Reached skill level 5 in Shields
 13170 | D:11     | Found a stormy altar of Qazlal.
 13333 | D:11     | Noticed a boulder beetle
 13343 | D:11     | Killed a boulder beetle
 13760 | D:11     | Reached skill level 5 in Short Blades
 14782 | D:12     | Found a glowing golden altar of the Shining One.
 14830 | D:12     | Found Vaxzeoh's Gadget Shoppe.
 14919 | D:12     | Noticed a death knight
 15128 | D:13     | Noticed Maurice
 15132 | D:13     | Reached XP level 13. HP: 66/66 MP: 26/26
 15152 | D:13     | Killed Maurice
 15510 | D:13     | Identified a scroll of acquirement
 15510 | D:13     | Acquired 700 gold pieces
 17078 | D:14     | Learned a level 5 spell: Fireball
 17317 | D:14     | Found a gate to the Vaults.
 17317 | D:14     | Noticed a vault guard
 17317 | D:14     | Noticed a vault guard
 17317 | D:14     | Noticed a vault guard
 17317 | D:14     | Noticed a vault guard
 17317 | D:14     | Noticed a vault guard
 17317 | D:14     | Noticed a vault guard
 17318 | D:14     | Noticed a vault guard
 17318 | D:14     | Noticed a vault guard
 17334 | D:14     | Killed a vault guard
 17346 | D:14     | Killed a vault guard
 17353 | D:14     | Killed a vault guard
 17369 | D:14     | Killed a vault guard
 17405 | D:14     | Killed a vault guard
 17437 | D:14     | Killed a vault guard
 17452 | D:14     | Killed a vault guard
 17477 | D:14     | Killed a vault guard
 17665 | D:14     | Reached XP level 14. HP: 72/72 MP: 28/28
 17723 | D:15     | Entered Level 15 of the Dungeon
 18705 | D:15     | Noticed Josephine
 18733 | D:15     | Killed Josephine
 19041 | D:15     | Found a staircase to the Depths.
 19770 | Lair:2   | Reached skill level 10 in Spellcasting
 20341 | Lair:2   | Found a staircase to the Shoals.
 21819 | Lair:3   | Found a hole to the Spider Nest.
 21846 | Lair:3   | Reached XP level 15. HP: 31/78 MP: 10/30
 22293 | Lair:4   | Reached skill level 10 in Fire Magic
 22477 | Lair:4   | Noticed Urug
 22482 | Lair:4   | Killed Urug
 23928 | Lair:5   | Reached skill level 10 in Conjurations
 24474 | Lair:6   | Entered Level 6 of the Lair of Beasts
 24474 | Lair:6   | Noticed Nessos
 24477 | Lair:6   | Killed Nessos
 24659 | Lair:6   | Found a dark tunnel.
 24690 | Volcano  | Entered a volcano
 25079 | Lair:6   | Reached skill level 10 in Shields
 25613 | Lair:6   | Found a snail-covered altar of Cheibriados.
 25992 | Lair:6   | Found a staircase to the Slime Pits.
 26600 | Lair:6   | Found a runed translucent door.
 26663 | Lair:6   | Reached XP level 16. HP: 83/83 MP: 2/31
 27348 | Lair:1   | Upgraded the game from 0.27-a0-67-g4bfc8a49e1 to
                  | 0.27-a0-70-g58928b186a
 27392 | Orc:1    | Entered Level 1 of the Orcish Mines
 27469 | Orc:1    | Found a roughly hewn altar of Beogh.
 27692 | Orc:1    | Found Neacro's Weapon Boutique.
 27747 | Orc:1    | Found a roughly hewn altar of Beogh.
 27852 | Orc:1    | Found Veduitep's Antique Armour Shop.
 28009 | Orc:2    | Entered Level 2 of the Orcish Mines
 28482 | Orc:2    | Found a roughly hewn altar of Beogh.
 28537 | Orc:2    | Reached skill level 10 in Dodging
 28551 | Orc:2    | Found a roughly hewn altar of Beogh.
 28683 | Orc:2    | Found Puxekhle's Antique Weapon Emporium.
 28745 | Orc:2    | Found a staircase to the Elven Halls.
 29076 | Orc:2    | Found a roughly hewn altar of Beogh.
 29242 | Orc:2    | Found Cixiekhlo's Antique Armour Shoppe.
 29309 | Orc:2    | Found a roughly hewn altar of Beogh.
 29311 | Orc:2    | Found Ezeimuf's Antique Weapon Emporium.
 29330 | Orc:2    | Bought a warped long sword for 187 gold pieces
 29331 | Orc:2    | Identified the +7 long sword of Wiul Ere {vorpal, rPois
                  | SInv} (You bought it in a shop on level 2 of the Orcish
                  | Mines)
 29436 | Orc:2    | Found a roughly hewn altar of Beogh.
 29514 | Orc:2    | Found a roughly hewn altar of Beogh.
 29533 | Orc:2    | Found Aziascheu's Gadget Shop.
 29739 | Spider:1 | Entered Level 1 of the Spider Nest
 30161 | Spider:1 | Noticed Rupert
 30441 | Spider:1 | Noticed Louise
 30559 | Spider:1 | HP: 2/84 [wolf spider (3)]
 30560 | Spider:1 | Succumbed to a wolf spider's poison

Illustrated notes

Levels and vault maps discovered:
D:1:      dpeg_arrival_three_smaller_balls, layout_basic,
          corexii_item_surrounded_by_moat
D:2:      layout_loops_ring, nicolae_overflow_hidden_temple,
          general_overflow_altar, nemelex_xobeh_ov_fountains_minmay,
          old_standard_altar, grunt_ministairs_13
D:3:      layout_basic, minmay_misc_feat_rows, chequers_hall_statues_y,
          uniq_natasha, uniq_robin
D:4:      layout_loops_ring, nicolae_overflow_crystal_walls,
          nzn_wu_jian_contemplation, temple_pool_b, minmay_vboxes
D:5:      layout_cave_pods
D:6:      layout_rooms, grunt_dithmenos_smoke, serial_shops,
          nicolae_shop_statue_plus, shop, shop_fountains, shop,
          nicolae_shop_waterfront
D:7:      layout_loops_cross, lemuel_zombie_altar_yredelemnul, uniq_menkaure,
          uniq_joseph, uniq_maggie
D:8:      layout_basic, lemuel_round_altar, serial_corexii_hall,
          corexii_hall_statues_x, corexii_hall_statues_l, serial_shops, shop,
          minivault_23, uniq_grum
D:9:      layout_roguey, david_lair_generic, serial_shops, shop,
          nicolae_shop_temple_entry_statues_fountains, nicolae_shop_trees,
          nicolae_shop_window_shopping, serial_bayou_lagoon_a,
          dk_yredelemnul_ordeal
D:10:     layout_irregular_city, kennysheep_orc_monster_closet_entryway,
          serial_shops, shop, minmay_guarded_unrand_variability
D:11:     layout_loops_ring, serial_bayou_pond_c, nrook_campfire,
          grunt_qazlal_clouds
D:12:     layout_basic, basic_altar, serial_shops, shop
D:13:     layout_roguey, uniq_maurice
D:14:     layout_roguey [special_room_bee], erik_vaults_2, wad_floor_pattern_1,
          grunt_ministairs_11
D:15:     grunt_enter_depths_magical_seal, layout_cave_pools,
          hangedman_decor_clover_reticule, uniq_josephine
Temple:   nicolae_temple_figure_eight
Lair:1:   layout_gridlike, infiniplex_staircase_pool_2
Lair:2:   layout_regular_city, minmay_shoals_entry_beasts
Lair:3:   layout_chaotic_city, spider_nest_entry_funnel_web
Lair:4:   layout_loops_ring, grunt_megastairs_3, uniq_urug
Lair:5:   layout_cave_shapes
Lair:6:   wormcave, layout_gridlike, minmay_slime_entry_eyes,
          nicolae_volcano_entry_batcave, kennysheep_snail_temple, uniq_nessos
Spider:1: layout_spider_delve, uniq_rupert, uniq_louise
Orc:1:    layout_diamond_mine, serial_shops, nicolae_shop_overgrown_old_shop,
          shop, basic_altar, nicolae_orc_stony_grotto, minmay_orc_temple_a
Orc:2:    grunt_orc_community_town_hall, layout_caves,
          grunt_orc_community_big_house_2, grunt_orc_community_big_house_2,
          grunt_orc_community_house_3, grunt_orc_community_house_1,
          grunt_orc_community_house_2, grunt_orc_community_house_1

Skill      XL: |  1  2  3  4  5  6  7  8  9 10 11 12 13 14 15 16 |
---------------+-------------------------------------------------+-----
Fighting       | 1 2 3 4 5 6 7 8 9 |  9.3
Stealth        | 3 4 5 6 7 8 9 |  9.1
Spellcasting   | 3 4 5 7 8 9 10 11 | 11.0
Dodging        | 2 3 4 5 6 7 8 9 10 | 10.3
Short Blades   | 1 2 3 4 5 6 7 8 |  8.8
Conjurations   | 2 3 4 6 7 8 9 10 | 10.8
Fire Magic     | 4 5 7 8 9 10 | 10.8
Armour         | 1 2 3 |  3.6
Shields        | 2 3 4 6 7 8 10 11 | 11.1
Throwing       | 1 |  1.4
Evocations     | |  0.3

Action                   |  1- 3 |  4- 6 |  7- 9 | 10-12 | 13-15 | 16-18 || total
-------------------------+-------+-------+-------+-------+-------+-------++-------
Melee: Dagger            |    28 |    91 |   256 |   749 |  1128 |   820 ||  3072
       Bite              |     4 |    20 |    57 |   280 |   369 |   250 ||   980
Throw: Dart              |       |       |     5 |     7 |    19 |       ||    31
       Throwing net      |       |       |       |     1 |       |       ||     1
 Cast: Foxfire           |    42 |    37 |    50 |   146 |   141 |       ||   416
       Sticky Flame      |       |       |     2 |    22 |   141 |    14 ||   179
       Fireball          |       |       |       |       |    35 |       ||    35
Invok: Call Merchant     |       |       |       |     2 |     2 |     3 ||     7
Evoke: Wand              |       |       |     1 |     2 |       |     2 ||     5
       Tin of tremorston |       |       |       |       |     3 |     1 ||     4
  Use: Scroll            |       |     2 |     8 |     7 |    22 |     5 ||    44
       Potion            |       |       |     1 |       |     2 |     2 ||     5
 Stab: Sleeping          |     3 |     3 |     1 |    16 |    26 |    14 ||    63
       Distracted        |       |       |       |     4 |     5 |     5 ||    14
Armor: Robe              |     2 |       |    37 |       |       |       ||    39
       Leather armour    |       |    25 |    36 |   175 |   211 |       ||   447
       Skin              |       |       |    12 |       |       |       ||    12
       Steam dragon scal |       |       |       |       |    83 |   194 ||   277
Dodge: Dodged            |    19 |    66 |   128 |   372 |   550 |   472 ||  1607
Block: Other             |       |       |    51 |    27 |       |       ||    78
       Buckler           |       |       |       |   196 |       |       ||   196
       Reflection        |       |       |       |    19 |     9 |    16 ||    44
       Kite shield       |       |       |       |   179 |   906 |   665 ||  1750

Table legend: (Time is in decaauts)
 A = Elapsed time spent in this place.
 B = Non-inter-level travel time spent in this place.
 C = Inter-level travel time spent in this place.
 D = Time resting spent in this place.
 E = Time spent auto-exploring this place.
 F = Levels seen in this place.
 G = Mean time per level.
                   A        B        C        D        E       F      G
               +--------+--------+--------+--------+--------+-----+--------+
         Total |  29776 |  27808 |   1968 |   1992 |  18617 |  26 | 1145.2 |
       Dungeon |  17908 |  16413 |   1495 |   1175 |  10866 |  15 | 1193.9 |
        Temple |    110 |     99 |     11 |      0 |     79 |   1 |  110.0 |
          Lair |   8857 |   8459 |    398 |    681 |   6172 |   6 | 1476.2 |
   Spider Nest |    615 |    615 |      0 |     32 |    287 |   1 |  615.0 |
  Orcish Mines |   2032 |   1969 |     63 |    103 |   1145 |   2 | 1016.0 |
       Volcano |    252 |    252 |      0 |      0 |     67 |   1 |  252.0 |
               +--------+--------+--------+--------+--------+-----+--------+

Top non-repeatable levels by time:
  Lair:6: 2332 daAuts
    D:10: 1854 daAuts
    D:14: 1695 daAuts
     D:9: 1499 daAuts
    D:11: 1493 daAuts
  Lair:3: 1489 daAuts
   Orc:2: 1424 daAuts
     D:1: 1406 daAuts
  Lair:2: 1370 daAuts
  Lair:1: 1317 daAuts
  Lair:5: 1298 daAuts
     D:5: 1280 daAuts
     D:3: 1212 daAuts
     D:8: 1207 daAuts
    D:15: 1203 daAuts
